Map: Lightshade LE

Players

Ziggy - Winner!

  • Race: Terran Terran
  • Spawn Location: 11:00

Denver

  • Race: Zerg Zerg
  • League: Grandmaster
  • Spawn Location: 5:00

Event: DreamHack SC2 Masters 2020 Winter

VOD

Have the link to the VOD?

Description

Time

  • Played on: Oct. 24, 2020, 12:51 p.m.
  • Length: 12:22

All games in this series

Show
View Real Time Build Order
Export as new Build Order

Ziggy Terran - Winner!

Build Orders: Mech 

Get SALT Encoding   

  12  0:00  SCV  
  13  0:12  SCV  
  14  0:17  Supply Depot  
  14  0:24  SCV  
  15  0:39  SCV  
  15  0:41  Barracks  
  16  0:43  Refinery  
  16  0:51  SCV  
  17  0:59  Barracks  
  17  1:03  SCV  
  18  1:15  SCV  
  19  1:28  Orbital Command, Reaper  
  20  1:36  Barracks  
  20  1:42  Refinery  
  20  1:46  Reaper  
  21  1:51  Supply Depot  
  21  1:55  SCV  
  22  2:02  Reaper  
  23  2:13  SCV  
  24  2:18  Reaper  
  25  2:24  Reaper  
  26  2:35  Reaper  
  27  2:42  Command Center  
  27  2:48  Supply Depot  
  27  2:50  Reaper  
  28  2:52  SCV  
  28  2:56  Reaper  
  29  3:04  SCV  
  30  3:07  Reaper  
  31  3:17  SCV  
  32  3:22  Reaper  
  33  3:28  Reaper  
  33  3:29  SCV  
  35  3:39  Reaper  
  35  3:41  SCV  
  37  3:48  Command Center  
  37  3:53  SCV  
  37  3:54  Reaper  
  37  3:55  Orbital Command  
  39  4:05  SCV  
  39  4:08  Factory, Refinery  
  40  4:13  Reaper  
  40  4:15  Reaper  
  42  4:17  SCV  
  42  4:20  SCV  
  44  4:26  Refinery  
  44  4:35  Reaper  
  44  4:36  SCV  
  45  4:39  SCV  
  45  4:45  Reaper  
  45  4:47  Reaper  
  45  4:48  SCV  
  45  4:51  SCV  
  46  5:00  SCV  
  46  5:03  SCV  
  48  5:07  Reaper  
  48  5:08  Factory Tech Lab  
  48  5:10  Starport, Orbital Command  
  48  5:12  SCV  
  49  5:17  SCV  
  50  5:23  Marine x2  
  50  5:26  SCV  
  53  5:30  Siege Tank  
  53  5:33  SCV  
  57  5:38  SCV  
  57  5:39  Marine, SCV  
  57  5:41  Marine x2  
  62  5:45  SCV  
  62  5:47  Viking  
  65  5:50  SCV  
  65  5:54  SCV  
  67  5:57  SCV  
  67  6:01  Armory  
  67  6:02  SCV  
  69  6:06  Armory  
  69  6:09  SCV  
  66  6:12  SCV  
  66  6:17  SCV  
  68  6:24  Factory  
  68  6:25  Factory, SCV, Engineering Bay  
  69  6:30  SCV, Siege Tank  
  71  6:33  SCV  
  71  6:37  SCV  
  68  6:42  SCV  
  68  6:44  Supply Depot x2  
  68  6:45  SCV  
  68  6:46  Supply Depot  
  70  6:49  SCV, Terran Vehicle Weapons Level 1  
  70  6:52  Supply Depot  
  70  6:53  Terran Vehicle And Ship Armor Level 1  
  70  6:54  Orbital Command  
  70  7:07  Marine  
  61  7:09  Marine  
  61  7:11  Supply Depot  
  61  7:13  Siege Tank, Marine, SCV x2  
  67  7:17  Supply Depot  
  67  7:20  Supply Depot  
  67  7:21  Supply Depot  
  68  7:23  Supply Depot, Hellion  
  68  7:28  Hellion  
  71  7:30  Marine  
  71  7:31  Marine  
  71  7:33  SCV x2  
  71  7:36  Factory  
  75  7:43  Factory  
  75  7:45  Siege Tank  
  75  7:46  SCV  
  75  7:51  Factory Tech Lab, Factory Reactor  
  79  7:52  SCV  
  79  7:53  SCV  
  81  7:58  SCV  
  81  8:02  Missile Turret  
  81  8:04  Refinery  
  81  8:05  SCV x2, Missile Turret  
  84  8:11  Supply Depot, SCV  
  84  8:12  Supply Depot  
  85  8:13  Supply Depot x2, Siege Tank  
  85  8:19  Siege Tank  
  91  8:21  Factory Tech Lab  
  91  8:22  SCV x2  
  93  8:27  Missile Turret  
  93  8:28  Hellion x2  
  93  8:29  SCV  
  93  8:32  Factory Tech Lab  
  98  8:34  SCV  
  98  8:35  Refinery  
  98  8:37  SCV  
  100  8:41  Thor  
  100  8:45  Terran Vehicle Weapons Level 2  
  100  8:47  Terran Vehicle And Ship Armor Level 2  
  106  8:54  Hellion x2  
  110  9:01  Thor  
  116  9:13  Siege Tank x2  
  116  9:15  Hellion x2  
  126  9:24  Supply Depot, Command Center  
  126  9:25  Infernal Pre-Igniter  
  126  9:31  Supply Depot  
  126  9:32  Siege Tank, Supply Depot  
  126  9:36  Hellion x2  
  133  9:44  Thor  
  139  9:51  SCV  
  139  9:52  SCV x2  
  138  9:53  Siege Tank  
  138  9:58  Hellion x2  
  137  10:04  SCV x2  
  137  10:06  Factory  
  139  10:07  Factory  
  139  10:11  Missile Turret  
  139  10:12  Supply Depot  
  139  10:13  Starport Reactor  
  139  10:19  Hellion x2  
  143  10:24  Thor  
  149  10:29  Refinery  
  149  10:33  Refinery  
  149  10:35  Thor  
  149  10:40  Hellion  
  149  10:41  Hellion  
  159  10:47  Supply Depot  
  159  10:48  Supply Depot  
  159  10:49  Supply Depot  
  159  11:00  SCV x3  
  159  11:02  Hellion x2  
  161  11:09  Thor  
  157  11:12  SCV x3  
  159  11:21  Siege Tank  
  159  11:22  Siege Tank, SCV  
  159  11:23  Hellion x2  
  159  11:24  SCV  
  168  11:26  SCV x2  
  168  11:36  SCV, Hellion x2  
  175  11:40  SCV x2  
  175  11:43  Planetary Fortress  
  175  11:48  SCV, Siege Tank  
Show
View Real Time Build Order
Export as new Build Order

Denver Zerg 

Build Orders: Pool First 

Get SALT Encoding   

  12  0:00  Drone  
  13  0:13  Overlord  
  13  0:18  Drone  
  14  0:32  Drone x2  
  16  0:35  Drone  
  17  0:48  Extractor  
  17  0:49  Spawning Pool  
  15  0:51  Drone  
  16  0:57  Drone  
  17  1:16  Hatchery  
  16  1:20  Drone  
  17  1:36  Zergling x4  
  17  1:37  Queen  
  21  1:44  Overlord  
  21  1:51  Metabolic Boost  
  21  1:55  Drone  
  22  2:04  Drone  
  23  2:12  Queen  
  25  2:16  Drone  
  26  2:25  Drone  
  26  2:28  Queen  
  26  2:29  Drone  
  30  2:36  Extractor  
  29  2:40  Spore Crawler  
  29  2:41  Zergling x2  
  29  2:42  Zergling x2  
  32  2:53  Zergling x8  
  32  2:55  Overlord  
  36  3:06  Overlord  
  36  3:11  Overlord  
  36  3:13  Queen  
  34  3:27  Zergling x12  
  38  3:37  Zergling x4  
  38  3:42  Queen  
  38  3:47  Drone x2  
  42  4:03  Zergling x4  
  42  4:06  Queen  
  45  4:10  Drone x4  
  45  4:11  Drone  
  50  4:25  Hatchery  
  47  4:37  Zergling x6  
  42  4:40  Zergling x2  
  42  4:41  Zergling x6  
  43  4:46  Zergling x6  
  43  4:51  Evolution Chamber  
  40  5:04  Zergling x8  
  39  5:08  Queen, Zergling x2  
  42  5:17  Zergling x8  
  46  5:24  Zergling x2  
  46  5:27  Queen  
  48  5:31  Drone  
  48  5:34  Drone  
  49  5:39  Zergling x10  
  53  5:44  Baneling Nest  
  52  5:52  Zergling x6  
  52  5:56  Queen  
  56  6:00  Zergling x4  
  58  6:09  Zergling x10  
  62  6:16  Zergling x4  
  64  6:26  Overlord  
  64  6:30  Overlord  
  59  6:36  Baneling  
  59  6:37  Baneling x9  
  59  6:38  Overlord  
  57  6:44  Zergling x2  
  57  6:45  Overlord  
  56  6:48  Overlord  
  55  7:00  Zergling x12  
  53  7:06  Drone x3  
  48  7:14  Drone x3  
  51  7:18  Drone x2  
  51  7:20  Drone  
  51  7:21  Drone  
  54  7:23  Drone  
  54  7:28  Drone x3  
  58  7:31  Drone  
  58  7:34  Drone x2  
  61  7:41  Evolution Chamber x2  
  59  7:45  Drone x3  
  59  7:46  Drone  
  59  7:49  Drone  
  59  7:50  Drone  
  65  8:00  Drone x6  
  65  8:01  Drone  
  72  8:07  Extractor, Zerg Melee Weapons Level 1  
  70  8:13  Zerg Ground Armor Level 1  
  70  8:14  Drone  
  70  8:15  Drone x4  
  70  8:17  Extractor  
  70  8:18  Extractor  
  73  8:23  Drone x3  
  73  8:24  Drone  
  73  8:25  Drone x3  
  80  8:32  Overlord  
  80  8:35  Zergling x2  
  80  8:36  Zergling x4  
  83  8:43  Lair  
  83  8:44  Zergling x2  
  83  8:45  Zergling x10  
  83  8:46  Overlord x2  
  89  8:54  Drone  
  90  8:57  Hatchery  
  90  9:00  Zergling x8  
  93  9:03  Queen  
  93  9:07  Zergling x4  
  96  9:12  Zergling x12  
  96  9:13  Overlord  
  102  9:20  Drone x2  
  102  9:24  Zergling x2  
  105  9:32  Zergling x2  
  105  9:33  Hatchery, Zergling x8  
  105  9:34  Baneling x8  
  106  9:51  Drone x9  
  100  9:55  Extractor  
  100  9:56  Extractor, Spire  
  92  10:01  Queen  
  92  10:04  Zergling x10  
  99  10:10  Centrifical Hooks  
  99  10:13  Drone  
  100  10:16  Drone  
  100  10:17  Drone x3  
  100  10:20  Zergling x6  
  107  10:25  Extractor  
  107  10:27  Drone  
  107  10:28  Roach Warren  
  107  10:31  Drone  
  107  10:32  Drone x4  
  107  10:33  Drone  
  112  10:36  Extractor  
  112  10:37  Overlord  
  110  10:43  Zergling x14  
  110  10:48  Overlord  
  110  10:49  Baneling  
  117  10:50  Baneling x5  
  117  10:55  Zergling x8  
  121  11:03  Zergling x16  
  129  11:05  Baneling x10  
  129  11:08  Zergling x6  
  132  11:13  Roach x3  
  132  11:14  Roach  
  132  11:18  Overlord  
  135  11:20  Overlord  
  135  11:23  Overlord  
  134  11:25  Roach  
  134  11:26  Roach x3  
  128  11:34  Zergling x12  
  128  11:35  Roach x3  
  128  11:36  Ravager  
  128  11:37  Ravager x3  
  141  11:42  Roach x4  
  141  11:46  Roach x2  
  148  11:50  Roach x3  
  136  11:55  Ravager x7  
  136  11:58  Roach x4  
  139  12:02  Zergling x6  
  139  12:03  Zergling x4  
Tags
 
Add a new tag
Caveats
  • Supply blocks, unpowered buildings, or Contaminate may cause inaccurate times.
  • Supply counts are checked every 10 seconds.